 Dungeon Crawl Stone Soup version 0.25-a0-346-g140ab784a8 (webtiles) character file.

Game seed: 7832941856365661539, levelgen mode: deterministic

182 PentaManta the Cudgeler (level 5, -5/32 HPs)
             Began as a Gargoyle Fighter on Jan 1, 2020.
             Killed from afar by an orc wizard (9 damage)
             ... with a puff of frost
             ... on level 3 of the Dungeon.
             The game lasted 00:05:10 (1849 turns).

PentaManta the Cudgeler (Gargoyle Fighter)          Turns: 1849, Time: 00:05:10

Health: -5/32      AC:  4    Str: 20    XL:     5   Next: 62%
Magic:  5/5        EV: 11    Int:  9    God:
Gold:   68         SH:  0    Dex:  9    Spells: 4/4 levels left

rFire    . . .     SeeInvis .   h - +4 mace (crush)
rCold    . . .     Gourm    .   (no shield)
rNeg     + . .     Faith    .   (no armour)
rPois    ∞         Spirit   .   (no helmet)
rElec    +         Reflect  .   (no cloak)
rCorr    .         Harm     .   (no gloves)
MR       .....                  (no boots)
Stlth    +.........             (no amulet)
HPRegen  0.10/turn              (no ring)
MPRegen  0.09/turn              (no ring)

@: hasted, very quick
A: negative energy resistance 1, electricity resistance, unbreathing,
petrification resistance, rot immunity, AC +4
a: no special abilities


You were on level 3 of the Dungeon.
You were hungry.

You visited 1 branch of the dungeon, and saw 3 of its levels.

You collected 68 gold pieces.

Inventory:

Hand Weapons
 e - a +0 dagger
 h - a +4 mace of crushing (weapon)
Jewellery
 k - an uncursed ring of ice
Scrolls
 g - 4 scrolls of identify
 l - 2 scrolls of fear
 m - a scroll of teleportation
Potions
 a - a potion of degeneration {unknown}
 d - 3 potions of might
 i - a potion of agility
 j - a potion of haste
Comestibles
 f - 2 rations


   Skills:
 + Level 3.4 Fighting
 - Level 5.6 Maces & Flails
 - Level 3.2 Armour
   Level 3.2 Shields


You had 4 spell levels left.
You didn't know any spells.
Your spell library was empty.

Dungeon Overview and Level Annotations

Branches:
Dungeon (3/15)

Altars:

Annotations:
D:3 Grinder


Innate Abilities, Weirdness & Mutations

You are resistant to torment.
Your stone body is resilient. (AC +4)
You are immune to poison.
You resist negative energy. (rN+)
You are resistant to electric shocks. (rElec)
You can survive without breathing.
You are immune to petrification.
You are immune to rotting.


Message History

* * * LOW HITPOINT WARNING * * *
Grinder gestures at you. Pain shoots through your body!
* * * LOW HITPOINT WARNING * * *
You hear a shout! x2; You hear an angry hiss. x2
You closely miss Grinder.
Grinder is severely wounded.
The orc wizard casts a cantrip, but nothing happens.
You closely miss Grinder.
Grinder is severely wounded.
Grinder blinks!
The orc wizard barely misses you.
You hit the orc but do no damage.
The orc wizard hits you but does no damage.
You hit the orc.
The orc is almost dead.
Grinder blinks!
The orc completely misses you. The orc wizard casts a spell at you.
The puff of frost hits you!
You die...

#. #..# ..8....
.#.###..# ....8..
.......###..8....
#.....#......8..
#....h......5...
#...............
#....oo.........
#.oo@o.§......
##..#.......[.
#..#.........
##.####....?. #.#
.≈≈≈≈≈ ... .≈≈≈≈≈
#.# ≈≈≈≈≈ #.#
≈≈≈≈≈


You could see Grinder, a howler monkey, an orc wizard and 4 orcs.

Vanquished Creatures
  2 hounds (D:2)
  Terence (D:2)
  4 adders
  An ooze (D:1)
  A worm (D:2)
  2 dart slugs
  2 leopard geckos
  5 goblins
  5 hobgoblins
  4 jackals (D:2)
  10 bats
  8 frilled lizards
  6 kobolds
  8 rats
59 creatures vanquished.

Notes
Turn   | Place    | Note
-------+----------+-------------------------------------------
     0 | D:1      | PentaManta the Gargoyle Fighter began the quest for the
                  | Orb.
     0 | D:1      | Reached XP level 1. HP: 14/14 MP: 1/1
   120 | D:1      | Reached XP level 2. HP: 19/19 MP: 2/2
   265 | D:1      | Reached skill level 3 in Maces & Flails
   759 | D:1      | Reached XP level 3. HP: 23/23 MP: 3/3
   957 | D:2      | Noticed Terence
   985 | D:2      | Killed Terence
   985 | D:2      | Reached skill level 4 in Maces & Flails
  1119 | D:2      | Reached XP level 4. HP: 21/28 MP: 4/4
  1487 | D:2      | Reached skill level 5 in Maces & Flails
  1487 | D:2      | Reached XP level 5. HP: 32/32 MP: 5/5
  1833 | D:3      | Noticed Grinder
  1849 | D:3      | Killed from afar by an orc wizard

Levels and vault maps discovered:
D:1:      lightli_arrival_chessboard, layout_rooms, minmay_misc_feat_nine_boxes
D:2:      layout_basic, minmay_tetromino_l4, uniq_terence
D:3:      layout_basic, grunt_temple_overflow_open, glass_columns_a,
          minmay_misc_feat_pillars, minivault_14, uniq_grinder

Skill      XL: |  1  2  3  4 |
---------------+-------------+-----
Maces & Flails | 3 4 5 |  5.6
Fighting       | |  3.4
Armour         | |  3.2
Shields        | |  3.2

Action                   |  1- 3 |  4- 6 || total
-------------------------+-------+-------++-------
Melee: Flail             |    46 |    34 ||    80
       Dagger            |   142 |    20 ||   162
       Mace              |       |    44 ||    44
  Use: Scroll            |       |     6 ||     6
       Potion            |       |     1 ||     1
  Eat: Chunk             |       |     3 ||     3
Armor: Scale mail        |    87 |    53 ||   140
Dodge: Dodged            |    51 |    24 ||    75
Block: Shield            |   101 |    44 ||   145

Table legend:
 A = Non-vault XP
 B = Vault XP
 C = Vault XP percentage of total XP
 D = Non-vault monster count
 E = Vault monster count
 F = Vault count percentage of total count
                 A         B        C        D         E       F
            +---------+---------+-------+---------+---------+-------
      Total |     207 |      54 |  20.7 |      52 |       7 |  11.9
            +---------+---------+-------+---------+---------+-------
        D:1 |      35 |       0 |   0.0 |      18 |       0 |   0.0
        D:2 |     159 |      54 |  25.4 |      33 |       7 |  17.5
        D:3 |      13 |       0 |   0.0 |       1 |       0 |   0.0
            +---------+---------+-------+---------+---------+-------
